 Dungeon Crawl Stone Soup version 0.32-a0-791-gfc315c9ecd (webtiles) character file.

Game seed: 9688178998438750181

251 jasper the Cleaver (level 5, -2/45 HPs)
             Began as a Mountain Dwarf Berserker on Mar 20, 2024.
             Was a Believer of Trog.
             Slain by Robin
             ... wielding a +5 heavy trident
              (9 damage)
             ... on level 3 of the Dungeon.
             The game lasted 00:03:13 (2068 turns).

jasper the Cleaver (Mountain Dwarf Berserker)       Turns: 2068, Time: 00:03:14

Health: -2/45      AC: 10    Str: 21    XL:     5   Next: 88%
Magic:  5/5        EV:  7    Int:  8    God:    Trog [**....]
Gold:   19         SH:  0    Dex:  9    Spells: 4/4 levels left

rFire   . . .        a - +0 hand axe
rCold   . . .        (no shield)
rNeg    . . .        i - +0 chain mail
rPois   .            (no helmet)
rElec   .            p - +0 cloak
rCorr   .            (no gloves)
SInv    .            n - +0 pair of boots
Will    ++...        (no amulet) Stlth
                     (no ring)
HPRegen 1.27/turn    (no ring)
MPRegen 0.09/turn

%: no passive effects
@: brilliant, strong-willed (expiring), on berserk cooldown, regenerating
(expiring), slowed, very slow
A: runic magic, artefact enchanting
a: Renounce Religion, Berserk, Trog's Hand


You were on level 3 of the Dungeon.
You worshipped Trog.
Trog was pleased with you.
You visited 1 branch of the dungeon, and saw 3 of its levels.

You collected 19 gold pieces.

Inventory:

Hand Weapons
 a - a +0 hand axe (weapon)
 q - a +0 hammer
Missiles
 e - 15 stones (quivered)
Armour
 b - a +0 animal skin
 h - a +0 ring mail
 i - a +0 chain mail (worn)
 k - a scarf of shadows
 m - a +0 ring mail
 n - a +0 pair of boots (worn)
 p - a +0 cloak (worn)
Scrolls
 d - a scroll of enchant armour {unknown}
 l - a scroll of poison
Potions
 g - a potion of might {unknown}
 j - a potion of attraction {unknown}
 o - a potion of lignification {unknown}


   Skills:
 - Level 3.2 Fighting
 + Level 8.0 Axes
 - Level 2.1 Armour
 - Level 1.3 Dodging


You had 4 spell levels left.
You didn't know any spells.
Your spell library was empty.

Dungeon Overview and Level Annotations

Branches:
Dungeon (3/15)

Altars:

Shops:
D:1 (

Annotations:
D:3 Robin


Innate Abilities, Weirdness & Mutations

Your spellcasting is much less encumbered by armour.
You can use scrolls of enchantment on lesser artefacts.


Message History

You take 2 damage, and have 18/45 hp.
A hobgoblin and 2 goblins come into view.
The hobgoblin shouts!
The goblin shouts!
Robin flexes a bicep menacingly.
Robin throws the goblin at you! The goblin hits you but does no damage.
The hobgoblin hits you.
* * * LOW HITPOINT WARNING * * *
Robin roars a battlecry!
There is an open door here.
Things that are here:
4 gold pieces; a +0 dagger; a goblin corpse You take 6 damage, and have 12/45 hp.
You feel better.
A hobgoblin comes into view.
A goblin comes into view. It is wielding a +0 dagger.
The goblin hits you but does no damage. The hobgoblin hits you.
The hobgoblin hits you but does no damage.
Robin roars a battlecry!
The hobgoblin hits you but does no damage.
The goblin hits you but does no damage.
The hobgoblin hits you but does no damage.
You regained 7 hp, and now have 19/45 hp.
You hit Robin but do no damage. You hit the goblin.
You hit the hobgoblin but do no damage. You closely miss the hobgoblin.
You feel the effects of Trog's Hand fading.
Robin hits you with a +5 heavy trident!
* * * LOW HITPOINT WARNING * * *
The goblin barely misses you. The hobgoblin hits you.
* * * LOW HITPOINT WARNING * * *
The hobgoblin hits you.
* * * LOW HITPOINT WARNING * * *
You take 14 damage, and have 5/45 hp.
MASSIVE DAMAGE!!
Okay, then.
It was a potion of brilliance.
You feel clever all of a sudden. The goblin barely misses you.
Robin says, "My army is invincible!"
Robin hits you with a +5 heavy trident!
You die...
Robin lets out a smug laugh.

#. .. #.. !.#
##.#$ ..##
..'##...#
#####...#?.#
#$$$#.#....#
#.).#.##)..# .
#))g#.#†.†.#
#...##@##..)#†.#
#ggggg.)##...#
#.#g#>#.#?#.#<#
#.....###...#
..#.#.#...#..#
..#.......#....#
# #.#########...
#. .... # #...


You could see Robin, 3 hobgoblins and 3 goblins.

Vanquished Creatures
  Crazy Yiuf (D:2)
  A jelly (D:2)
  Terence (D:2)
  Natasha (D:2)
  An orc wizard (D:3)
  5 adders (D:2)
  5 orcs (D:3)
  A ball python (D:1)
  3 endoplasms
  4 giant cockroaches
  9 goblins
  5 hobgoblins
  10 jackals
  3 kobolds (D:1)
  3 quokkas
  3 bats
  4 frilled lizards
  5 rats
65 creatures vanquished.

Notes
Turn   | Place    | Note
-------+----------+-------------------------------------------
     0 | D:1      | jasper the Mountain Dwarf Berserker began the quest for the
                  | Orb.
     0 | D:1      | Reached XP level 1. HP: 19/19 MP: 1/1
    64 | D:1      | Reached skill level 4 in Axes
   112 | D:1      | Reached XP level 2. HP: 23/26 MP: 2/2
   623 | D:1      | Found Ereto's Weapon Shop.
   633 | D:1      | Reached skill level 5 in Axes
   905 | D:1      | Reached XP level 3. HP: 31/31 MP: 3/3
  1251 | D:2      | Reached ** piety under Trog
  1344 | D:2      | Noticed Natasha
  1356 | D:2      | Killed Natasha
  1357 | D:2      | Reached skill level 6 in Axes
  1357 | D:2      | Reached XP level 4. HP: 38/38 MP: 4/4
  1392 | D:2      | Noticed Terence
  1399 | D:2      | Killed Terence
  1452 | D:2      | Reached skill level 7 in Axes
  1452 | D:2      | Reached XP level 5. HP: 44/45 MP: 5/5
  1933 | D:2      | Found a runed translucent door.
  1934 | D:2      | Noticed Crazy Yiuf
  1941 | D:2      | Killed Crazy Yiuf
  2058 | D:3      | Reached skill level 8 in Axes
  2058 | D:3      | Noticed Robin
  2068 | D:3      | Slain by Robin

Illustrated notes

Levels and vault maps discovered:
D:1:      nzn_arrival_depleted_hourglass, layout_basic, serial_shops,
          nicolae_shop_window_shopping
D:2:      layout_basic, serial_glass, glass_columns_b, glass_columns_a,
          st_stairs_11, uniq_terence, uniq_crazy_yiuf_cottage, uniq_natasha
D:3:      layout_loops_ring, minmay_fractal_squares_diagonal_5, uniq_robin

Skill      XL: |  1  2  3  4  5 |
---------------+----------------+-----
Axes           | 4 5 6 7 8 |  8.0
Fighting       | |  3.2
Armour         | |  2.1
Dodging        | |  1.3

Action                     |  1- 3 |  4- 6 || total
---------------------------+-------+-------++-------
  Melee: Hand axe          |   114 |    75 ||   189
  Throw: Stone             |       |     1 ||     1
 Invoke: Berserk           |     2 |     3 ||     5
         Trog's Hand       |       |     1 ||     1
    Use: Scroll            |     2 |     2 ||     4
         Potion            |       |     2 ||     2
 Armour: Animal skin       |    22 |       ||    22
         Ring mail         |    11 |       ||    11
         Chain mail        |    26 |    72 ||    98
  Dodge: Dodged            |    84 |    40 ||   124

Table legend: (Time is in decaauts)
 A = Elapsed time spent in this place.
 B = Non-inter-level travel time spent in this place.
 C = Inter-level travel time spent in this place.
 D = Time resting spent in this place.
 E = Time spent auto-exploring this place.
 F = Levels seen in this place.
 G = Mean time per level.
                   A        B        C        D        E       F      G
               +--------+--------+--------+--------+--------+-----+--------+
         Total |   2106 |   2001 |    105 |    184 |   1298 |   3 |  702.0 |
       Dungeon |   2106 |   2001 |    105 |    184 |   1298 |   3 |  702.0 |
               +--------+--------+--------+--------+--------+-----+--------+

Top non-repeatable levels by time:
     D:1: 1248 daAuts
     D:2: 802 daAuts
     D:3: 56 daAuts
